 Dungeon Crawl Stone Soup version 0.20-a0-1103-g26be02c (webtiles) character file.

137163 JeffiDaFish the Peltast (level 17, -5/112 HPs)
             Began as a Gargoyle Fighter on May 3, 2017.
             Was the Champion of Okawaru.
             Slain by a sphinx (8 damage)
             ... summoned by Kirke
             ... while paralysed by a sphinx
             ... on level 4 of the Swamp on May 4, 2017.
             The game lasted 01:24:19 (32466 turns).

JeffiDaFish the Peltast (Gargoyle Fighter)         Turns: 32466, Time: 01:24:19

Health: -5/112     AC:  0    Str: 21    XL:     17   Next: 23%
Magic:  17/17      EV:  3    Int: 10    God:    Okawaru [******]
Gold:   423        SH:  0    Dex: 17    Spells: 16/16 levels left

rFire    . . .     SeeInvis .   (weapon currently unavailable)
rCold    . . .     Gourm    .   (shield currently unavailable)
rNeg     + . .     Faith    .   (armour currently unavailable)
rPois    ∞         Spirit   .   (helmet currently unavailable)
rElec    .         Reflect  .   (cloak currently unavailable)
rCorr    .         Harm     .   (gloves currently unavailable)
MR       +....                  (boots currently unavailable)
Stlth    +++.......             t - amulet "Juanocie" {+Rage Dex+3}
Regen    0.0/turn               (ring currently unavailable)
MPRegen  0.2/turn               (ring currently unavailable)

@: paralysed, pig-form, flying, slowed, very quick
A: negative energy resistance 1, inhibited regeneration, petrification
resistance, rot immunity, AC +12
a: Heroism, Finesse, Renounce Religion, Evoke Berserk Rage


You were on level 4 of the Swamp.
You worshipped Okawaru.
Okawaru was exalted by your worship.
You were hungry.
You were a filthy swine.
You visited 5 branches of the dungeon, and saw 28 of its levels.
You also visited: Volcano.

You collected 2634 gold pieces.
You spent 2211 gold pieces at shops.

Inventory:

Hand Weapons
 g - a +4 demon whip of electrocution (melded)
 i - a +4 flail of draining
Missiles
 K - 3 poisoned javelins (quivered)
Armour
 j - the +5 chain mail "Nuegg" (melded) {rPois rF+}
   (You found it on level 9 of the Dungeon)

   It protects you from fire.
   It protects you from poison.
 v - a +2 helmet (melded)
 x - the +3 pair of boots of Dyspraxia (melded) {rElec}
   (Okawaru gifted it to you on level 2 of the Lair of Beasts)

   It insulates you from electricity.
 E - a +2 cloak of fire resistance (melded)
 N - the +0 large shield of Aboabusa (melded) {rElec Str+6}
   (Okawaru gifted it to you on level 2 of the Orcish Mines)

   It affects your strength (+6).
   It insulates you from electricity.
Jewellery
 a - an uncursed ring of protection from fire
 c - an uncursed ring of protection from cold
 k - an uncursed ring of resist corrosion
 p - an uncursed ring of protection from magic
 t - the amulet "Juanocie" (around neck) {+Rage Dex+3}
   (You found it on level 7 of the Dungeon)

   [amulet of rage]

   It affects your dexterity (+3).
   It lets you go berserk.
 L - a +5 ring of protection (melded)
 M - the ring of Renkot (melded) {Fire Dex+7 SInv}
   (You bought it in a shop on level 1 of the Orcish Mines)

   [ring of fire]

   It enhances your fire magic.
   It affects your dexterity (+7).
   It protects you from fire.
   It makes you vulnerable to cold.
   It lets you see invisible.
Scrolls
 e - 22 scrolls of identify
 l - 8 scrolls of teleportation
 s - 14 scrolls of remove curse
 u - 3 scrolls of recharging
 z - a scroll of amnesia
 C - 7 scrolls of fog
 G - 3 scrolls of fear
 H - 3 scrolls of silence
 J - a scroll of magic mapping
 O - a scroll of summoning
Potions
 d - 7 potions of might
 m - a potion of resistance
 o - 4 potions of agility
 q - 2 potions of heal wounds
 w - 3 potions of invisibility
 B - 5 potions of brilliance
 D - 5 potions of curing
 F - 5 potions of haste
Books
 r - a Fen Folio

   Spells                             Type                      Level
   a - Corpse Rot                     Necromancy                   2
   b - Stone Arrow                    Conjuration/Earth            3
   c - Leda's Liquefaction            Hexes/Earth                  4
   d - Summon Forest                  Summoning/Translocation      5
   e - Hydra Form                     Transmutation                6
   f - Summon Hydra                   Summoning                    7
 y - a book of Cantrips

   Spells                             Type                      Level
   a - Confusing Touch                Hexes                        1
   b - Animate Skeleton               Necromancy                   1
   c - Summon Small Mammal            Summoning                    1
   d - Apportation                    Translocation                1
 A - a book of Necromancy

   Spells                             Type                      Level
   a - Pain                           Necromancy                   1
   b - Animate Skeleton               Necromancy                   1
   c - Vampiric Draining              Necromancy                   3
   d - Regeneration                   Charms/Necromancy            3
   e - Animate Dead                   Necromancy                   4
   f - Control Undead                 Necromancy                   4
Comestibles
 b - 39 fruits
 f - 16 bread rations
 h - 14 royal jellies
 n - 12 meat rations
 I - 10 chunks of flesh


   Skills:
 + Level 14.6 Fighting
 + Level 16.1 Maces & Flails
 + Level 12.4 Armour
 + Level 6.2 Dodging
 + Level 3.2 Stealth
 + Level 18.3 Shields


You had 16 spell levels left.
You didn't know any spells.

Dungeon Overview and Level Annotations

Branches:
Dungeon (15/15)            Temple (1/1) D:6            Lair (6/6) D:11
  Swamp (4/4) Lair:3       Spider (0/4) Lair:2        Slime (0/5) Lair:6
    Orc (2/2) D:12            Elf (0/3) Orc:2        Vaults (0/5) D:13
 Depths (0/5) D:15

Altars:
Cheibriados
Elyvilon
Fedhas
Gozag
Kikubaaqudgha
Nemelex Xobeh
Okawaru
Qazlal
Ru
Uskayaw
Vehumet
Wu Jian
Xom
Yredelemnul
Zin
The Shining One
Beogh
Jiyva

Shops:
D:9 *   D:10 [   D:15 *   Orc:1 =   Orc:2 *!*(

Annotations:
Swamp:4 Kirke, Lernaean hydra


Innate Abilities, Weirdness & Mutations

You are resistant to torment.
((Your stone body is resilient. (AC +12)))
You are immune to poison.
((Your large and strong wings let you fly indefinitely.))
You resist negative energy. (rN+)
((You are resistant to electric shocks. (rElec)))
((You can survive without breathing.))
You are immune to petrification.
You are immune to rotting.
You do not regenerate when monsters are visible.


Message History

Thorny briars emerge from the ground!
The hog bites you but does no damage.
The sphinx hits you but does no damage. x3
The hog bites you but does no damage. The sphinx hits you but does no damage.
The sphinx barely misses you. The sphinx hits you but does no damage.
The hog bites you but does no damage.
Kirke points at you and mumbles some strange words.
You turn into a filthy swine.
Your +4 demon whip of electrocution melds into your body.
Your +2 cloak of fire resistance melds into your body.
Your +2 helmet melds into your body.
The +3 pair of boots of Dyspraxia {rElec} melds into your body.
The +0 large shield of Aboabusa {rElec Str+6} melds into your body.
The +5 chain mail "Nuegg" {rPois rF+} melds into your body.
The ring of Renkot {Fire Dex+7 SInv} melds into your body.
Your +5 ring of protection melds into your body.
Your +4 demon whip of electrocution stops crackling.
You feel less resistant to fire. The sphinx hits you!!
* * * LOW HITPOINT WARNING * * *
The sphinx hits you!
You die...

♣♣♣ ♣♣≈.§..♣♣
≈.♣♣♣...≈...♣♣
...♣.≈...PPPP♣♣♣
....≈....PPPPPP♣♣♣
)≈...)...P..≈≈)..♣♣
.♣≈...........)..≈♣♣♣♣ .
..............)......♣♣.♣♣
......♣♣♣.......≈≈≈≈≈...≈♣
≈.....♣.♣♣......h.≈≈.≈.≈♣♣
≈≈.....♣♣♣.....(hH{≈≈...≈♣
.≈............t♣♣f≈♣≈≈♣.♣♣
≈.≈≈.........≈♣♣♣h♣≈≈≈≈..♣
.....≈.....≈..≈.≈≈≈≈≈≈≈≈♣
.≈.≈..≈.....≈...†≈≈≈≈≈≈≈♣
....≈≈.....♣...P≈≈≈≈≈≈≈♣♣
♣§.≈≈≈≈♣♣♣♣....PPh≈≈≈≈♣h..
≈≈.≈≈≈≈.♣ ♣♣....@..≈♣♣..≈≈


You could see a thorn hunter, a sphinx, a ghost crab and 4 hogs.

Vanquished Creatures
  Nikola (Swamp:4)
  Donald (Swamp:2)
  A thorn hunter (Swamp:2)
  A stone giant (Volcano)
  The ghost of Snikeer the Marksspriggan, a journeyman SpAM of Zin (Swamp:1)
  Snorg (Orc:1)
  2 green deaths (Swamp:4)
  A yaktaur captain (D:15)
  A fire dragon (Lair:6)
  Erolcha (D:11)
  19 hydras
  A catoblepas (Lair:5)
  6 centaur warriors
  A vault guard (D:13)
  Erica (Lair:1)
  6 death yaks
  17 alligators
  8 two-headed ogres
  5 orc high priests (Orc:2)
  A spriggan druid (Swamp:4)
  An unseen horror (D:15)
  10 orc knights
  8 swamp dragons
  2 wizards (D:15)
  A lindwurm (Lair:6)
  An oklob plant (Lair:4)
  2 shambling mangroves (Swamp:3)
  2 orc sorcerers
  3 large abominations (Swamp:4)
  3 cyclopes
  10 ugly things
  18 slime creatures
  2 deep elf magi
  A black mamba (Lair:6)
  13 elephants
  An ice statue (D:10)
  2 centaur skeletons
  9 spiny frogs
  4 gargoyles
  A komodo dragon (shapeshifter) (D:13)
  A torpor snail (Lair:3)
  2 orange demons (Swamp:4)
  An efreet (Volcano)
  4 yaktaurs
  3 rime drakes (Lair:6)
  7 komodo dragons
  6 ice devils (D:10)
  6 hornets
  9 trolls
  8 tyrant leeches
  A polar bear (shapeshifter) (D:14)
  2 polar bears
  13 blink frogs
  11 bog bodies
  10 hippogriffs
  4 spriggans
  A vampire (D:9)
  2 shadows (Swamp:4)
  2 wraiths
  A tarantella (Lair:2)
  Eustachio (D:4)
  3 steam dragons
  A wyvern (Lair:6)
  41 yaks
  3 basilisks
  A hog (Swamp:4)
  2 hungry ghosts
  3 fire elementals (Volcano)
  13 vampire mosquitoes
  4 wargs
  11 insubstantial wisps
  A soldier ant (D:13)
  A soldier ant (shapeshifter) (D:14)
  13 swamp worms
  4 acid dragons
  8 water moccasins
  6 porcupines
  2 sky beasts
  10 ice beasts
  35 orc warriors
  12 swamp drakes
  The ghost of BubbleThief the Cutter, an amateur NaWr (D:4)
  A black bear (D:8)
  13 wolves
  2 necrophages
  10 ogres
  3 phantoms
  16 centaurs
  5 big kobolds
  17 crocodiles
  15 bullfrogs
  An earth elemental (Volcano)
  A hornet simulacrum (D:15)
  3 scorpions
  13 wights
  8 killer bees
  2 electric eels (Lair:2)
  7 howler monkeys
  9 crimson imps
  A quasit (D:7)
  5 bullfrog zombies
  5 hounds
  6 jellies
  18 orc wizards
  19 orc priests
  8 bullfrog skeletons
  2 centaur zombies
  9 iguanas
  6 worker ants
  3 killer bee zombies
  A hound zombie (D:6)
  2 hound skeletons
  2 worker ant zombies (D:11)
  A gnoll (D:1)
  17 adders
  4 shadow imps
  3 ufetubi (D:10)
  5 oozes (D:8)
  2 adder skeletons (D:9)
  4 worms
  3 dart slugs
  6 leopard geckos
  74 orcs
  6 giant cockroaches
  10 goblins
  6 hobgoblins
  10 jackals
  23 kobolds
  5 ball pythons
  9 bats
  8 frilled lizards
  8 rats
857 creatures vanquished.

Vanquished Creatures (others)
  A vampire (D:15)
  3 ufetubi (D:10)
  4 briar patches
  8 fungi
  6 plants
22 creatures vanquished.

Grand Total: 879 creatures vanquished

Notes
Turn   | Place    | Note
-------+----------+-------------------------------------------
     0 | D:1      | JeffiDaFish the Gargoyle Fighter began the quest for the Orb.
     0 | D:1      | Reached XP level 1. HP: 14/14 MP: 1/1
    93 | D:1      | Reached XP level 2. HP: 17/19 MP: 2/2
   429 | D:1      | Reached XP level 3. HP: 22/24 MP: 3/3
  1243 | D:2      | Reached skill level 4 in Shields
  1243 | D:2      | Reached XP level 4. HP: 24/29 MP: 4/4
  2065 | D:3      | Noticed a phantom
  2083 | D:3      | Reached skill level 1 in Dodging
  2083 | D:3      | Reached XP level 5. HP: 10/33 MP: 5/5
  2399 | D:2      | Killed a phantom
  2399 | D:2      | Reached XP level 6. HP: 14/39 MP: 6/6
  3050 | D:3      | Found an ancient bone altar of Kikubaaqudgha.
  3102 | D:3      | Found a basalt altar of Yredelemnul.
  3384 | D:4      | Reached skill level 5 in Shields
  3748 | D:4      | Found a sacrificial altar of Ru.
  3782 | D:4      | Noticed Eustachio
  3963 | D:4      | Killed Eustachio
  3963 | D:4      | Reached XP level 7. HP: 6/44 MP: 7/7
  4467 | D:4      | Noticed BubbleThief's ghost (amateur NaWr)
  4497 | D:4      | Killed BubbleThief's ghost
  4761 | D:4      | Reached skill level 5 in Fighting
  4841 | D:5      | Entered Level 5 of the Dungeon
  4945 | D:5      | Reached skill level 5 in Armour
  4945 | D:5      | Reached skill level 6 in Shields
  4945 | D:5      | Reached XP level 8. HP: 30/49 MP: 8/8
  5150 | D:5      | Reached skill level 5 in Maces & Flails
  5493 | D:5      | Noticed a hand axe
  5494 | D:5      | Noticed a hand axe
  5496 | D:5      | Found a hide-covered altar of Uskayaw.
  5883 | D:5      | Reached skill level 7 in Shields
  6114 | D:6      | Found a staircase to the Ecumenical Temple.
  6129 | Temple   | Entered the Ecumenical Temple
  6137 | Temple   | Became a worshipper of Warmaster Okawaru
  6291 | D:6      | Reached XP level 9. HP: 51/55 MP: 9/9
  6653 | D:6      | Reached * piety under Okawaru
  6981 | D:6      | Reached skill level 8 in Shields
  7702 | D:7      | Got a transparent sapphire amulet
  7703 | D:7      | Identified the amulet "Juanocie" {+Rage Dex+3} (You found it on level 7 of the Dungeon)
  7778 | D:7      | Reached ** piety under Okawaru
  8140 | D:8      | Reached XP level 10. HP: 61/61 MP: 10/10
  8633 | D:9      | Found Zufruon's Assorted Antiques.
  8642 | D:9      | Bought 2 potions of heal wounds for 240 gold pieces
  8750 | D:9      | Identified the +1 mace of Frustration {speed, rElec Str+5 Dex-4} (You found it on level 9 of the Dungeon)
  8875 | D:9      | Noticed a two-headed ogre
  8887 | D:9      | Killed a two-headed ogre
  8887 | D:9      | Reached *** piety under Okawaru
  8887 | D:9      | Reached skill level 9 in Shields
  8980 | D:9      | Found a snail-covered altar of Cheibriados.
  8982 | D:9      | Found a blossoming altar of Fedhas.
  8984 | D:9      | Found a white marble altar of Elyvilon.
  9156 | D:9      | Received a gift from Okawaru
  9228 | D:9      | HP: 3/63 [something (8)]
  9511 | D:9      | Identified the +5 chain mail "Nuegg" {rPois rF+} (You found it on level 9 of the Dungeon)
  9730 | D:9      | Reached **** piety under Okawaru
  9748 | D:9      | Noticed a green ugly thing
  9771 | D:9      | Killed a green ugly thing
  9788 | D:9      | Reached skill level 10 in Maces & Flails
  9888 | D:10     | Entered Level 10 of the Dungeon
  9974 | D:10     | Reached XP level 11. HP: 68/68 MP: 11/11
  9987 | D:10     | Reached skill level 10 in Shields
 10216 | D:10     | Reached ***** piety under Okawaru
 10229 | D:10     | Identified the +2 mace "Ycruda Sogag" {crush, *Corrode +Blink rPois Str+4} (You found it on level 10 of the Dungeon)
 10250 | D:10     | Found Puuddaw's Antique Armour Emporium.
 10608 | D:11     | Noticed Erolcha
 10624 | D:11     | Killed Erolcha
 10653 | D:11     | Found a staircase to the Lair.
 10879 | D:11     | Received a gift from Okawaru
 11107 | D:11     | Upgraded the game from 0.20-a0-1089-g3fde505 to 0.20-a0-1103-g26be02c
 11130 | D:11     | Noticed a four-headed hydra
 11151 | D:11     | Killed a four-headed hydra
 11425 | D:12     | Noticed a cyclops
 11433 | D:12     | Killed a cyclops
 11433 | D:12     | Reached skill level 11 in Shields
 11470 | Lair:1   | Entered Level 1 of the Lair of Beasts
 11744 | Lair:1   | Reached skill level 1 in Stealth
 11762 | Lair:1   | Noticed Erica
 11791 | Lair:1   | Killed Erica
 11791 | Lair:1   | Received a gift from Okawaru
 11791 | Lair:1   | Reached XP level 12. HP: 64/75 MP: 12/12
 12758 | Lair:2   | Found a hole to the Spider Nest.
 13269 | Lair:2   | Received a gift from Okawaru
 13301 | Lair:2   | Got a pair of brightly glowing boots {god gift}
 13312 | Lair:2   | Identified the +3 pair of boots of Dyspraxia {rElec} (Okawaru gifted it to you on level 2 of the Lair of Beasts)
 13664 | Lair:3   | Reached skill level 12 in Shields
 13711 | Lair:3   | Noticed a seven-headed hydra
 13721 | Lair:3   | Reached ****** piety under Okawaru
 13721 | Lair:3   | Noticed a four-headed hydra
 13733 | Lair:3   | HP: 2/77 [four-headed hydra (8)]
 13734 | Lair:3   | Killed a four-headed hydra
 14094 | Lair:3   | Killed a seven-headed hydra
 14094 | Lair:3   | Reached skill level 10 in Fighting
 14365 | Lair:3   | Found a staircase to the Swamp.
 14445 | Lair:3   | Noticed a four-headed hydra
 14456 | Lair:3   | Killed a four-headed hydra
 14456 | Lair:3   | Reached XP level 13. HP: 61/82 MP: 13/13
 15306 | Lair:4   | Received a gift from Okawaru
 15562 | Lair:4   | Reached skill level 13 in Shields
 16742 | Lair:5   | Received a gift from Okawaru
 16936 | Lair:5   | Identified a scroll of acquirement
 17401 | Lair:6   | Entered Level 6 of the Lair of Beasts
 17444 | Lair:6   | Reached skill level 10 in Armour
 17764 | Lair:6   | Found a dark tunnel.
 17770 | Lair:6   | Gained mutation: Your large and strong wings let you fly indefinitely. [Gargoyle growth]
 17770 | Lair:6   | Reached XP level 14. HP: 85/90 MP: 14/14
 17783 | Volcano  | Entered a volcano
 17831 | Volcano  | Noticed a stone giant
 17851 | Volcano  | Killed a stone giant
 18196 | Lair:6   | Reached skill level 14 in Shields
 18482 | Lair:6   | Found a staircase to the Slime Pits.
 18483 | Lair:6   | Found a viscous altar of Jiyva.
 18695 | Lair:6   | Received a gift from Okawaru
 19181 | D:12     | Identified the +1 trident of the Demagogue {pierce, rF+ Str+4} (You found it on level 12 of the Dungeon)
 19725 | D:12     | Found a staircase to the Orcish Mines.
 20395 | D:13     | Received a gift from Okawaru
 20509 | D:13     | Found a gate to the Vaults.
 20966 | D:13     | Reached skill level 5 in Dodging
 21311 | D:14     | Reached skill level 15 in Shields
 21346 | D:14     | Received a gift from Okawaru
 21530 | D:14     | Reached XP level 15. HP: 97/97 MP: 15/15
 22051 | D:15     | Entered Level 15 of the Dungeon
 22266 | D:15     | Found a staircase to the Depths.
 22326 | D:15     | Found Askyuv's Assorted Antiques.
 22393 | D:15     | Received a gift from Okawaru
 22405 | D:15     | Found a blossoming altar of Fedhas.
 23273 | Orc:1    | Entered Level 1 of the Orcish Mines
 23347 | Orc:1    | Found a roughly hewn altar of Beogh.
 23417 | Orc:1    | Noticed Snorg
 23431 | Orc:1    | Killed Snorg
 23445 | Orc:1    | Reached skill level 15 in Maces & Flails
 23602 | Orc:1    | Received a gift from Okawaru
 23789 | Orc:1    | Found Aguor's Jewellery Emporium.
 23799 | Orc:1    | Bought a cursed +5 ring of protection for 572 gold pieces
 23799 | Orc:1    | Bought the ring of Renkot {Fire Dex+7 SInv} for 559 gold pieces
 23866 | Orc:2    | Entered Level 2 of the Orcish Mines
 23866 | Orc:2    | Found a staircase to the Elven Halls.
 24910 | Orc:2    | Gained mutation: You do not regenerate when monsters are visible. [a neqoxec]
 25062 | Orc:2    | Reached skill level 16 in Shields
 25083 | Orc:2    | HP: 2/99 [orc priest/divine providence (12)]
 25562 | Orc:2    | Received a gift from Okawaru
 25580 | Orc:2    | Got a distressingly furry large shield {god gift}
 25591 | Orc:2    | Identified the +0 large shield of Aboabusa {rElec Str+6} (Okawaru gifted it to you on level 2 of the Orcish Mines)
 25744 | Orc:2    | Found Daucsacs's Assorted Antiques.
 25747 | Orc:2    | Found Geskuj's General Store.
 25748 | Orc:2    | Found Puschixe's Weapon Shoppe.
 25749 | Orc:2    | Found Kafiohog's Distillery.
 26212 | D:10     | Bought a twisted plate armour for 840 gold pieces
 26241 | D:10     | Identified the cursed +0 plate armour of Undesirable Species {*Slow rN+ Str+10 Dex+4} (You bought it in a shop on level 10 of the Dungeon)
 26544 | Swamp:1  | Entered Level 1 of the Swamp
 26697 | Swamp:1  | Noticed Snikeer's ghost (journeyman SpAM)
 26778 | Swamp:1  | Killed Snikeer's ghost
 26785 | Swamp:1  | Reached XP level 16. HP: 41/104 MP: 16/16
 29359 | Swamp:2  | Reached skill level 17 in Shields
 29426 | Swamp:2  | Noticed a thorn hunter
 29433 | Swamp:2  | Received a gift from Okawaru
 29452 | Swamp:2  | Killed a thorn hunter
 30192 | Swamp:2  | Noticed Donald
 30204 | Swamp:2  | Killed Donald
 31575 | Swamp:4  | Entered Level 4 of the Swamp
 31691 | Swamp:4  | Received a gift from Okawaru
 32014 | Swamp:4  | Reached XP level 17. HP: 110/112 MP: 17/17
 32061 | Swamp:4  | Reached skill level 18 in Shields
 32088 | Swamp:4  | Noticed the 27-headed Lernaean hydra
 32318 | Swamp:4  | Noticed Nikola
 32332 | Swamp:4  | Killed Nikola
 32433 | Swamp:4  | Noticed Kirke
 32434 | Swamp:4  | Noticed a sphinx
 32448 | Swamp:4  | Paralysed by a sphinx for 5 turns
 32461 | Swamp:4  | Paralysed by a sphinx for 7 turns
 32466 | Swamp:4  | HP: 3/112 [sphinx[Kirke] (20)]
 32466 | Swamp:4  | Slain by a sphinx

Vault maps used:
D:1:      saegor_arrival_simple_f, minmay_misc_feat_tiny
D:2:      first_bread
D:3:      lemuel_coloured_pillars_altar, nicolae_overflow_crystal_walls,
          fountainhead
D:4:      nicolae_ru_path_of_blood, uniq_eustachio
D:5:      dancing_weapons_uskayaw, kennysheep_opposing_triangles
D:6:      minmay_temple_entry_statues_fountains
D:7:      st_stairs_9
D:8:      hangedman_little_slice_of_home, lemuel_old_faithful
D:9:      minmay_quarter_circles, gammafunk_temple_overflow_forgotten,
          serial_shops, shop
D:10:     cheibrodos_frozen_isle, serial_shops, shop
D:11:     lair_entry_dummy, uniq_erolcha
D:12:     orc_0_dummy, lightli_fourway_metalbox
D:13:     david_vaults_5
D:14:     minmay_misc_feat_encased, minmay_bent
D:15:     grunt_enter_depths_snipers, fedhas_altar_fruit_tree, serial_shops,
          nicolae_shop_overgrown_old_shop
Temple:   lightli_temple_of_artemis
Lair:1:   uniq_erica
Lair:2:   spider_nest_entry_rubble, serial_bayou_shore_a
Lair:3:   swamp_mist, small_statue_intersection, grunt_megastairs_1
Lair:5:   nicolae_lair_yak_garden, serial_bayou_shore_b,
          infiniplex_staircase_pool_2, grunt_megastairs_3
Lair:6:   guppyfry_lair_end_dragon, slime_altar_1,
          nicolae_volcano_entry_vermiform, grunt_megastairs_2,
          lemuel_fruit_fields
Swamp:1:  evilmike_swamp_ruin_house_4, swamp_pool5,
          nicolae_swamp_alligator_family
Swamp:2:  nicolae_swamp_treefoil, uniq_donald
Swamp:3:  infiniplex_staircase_pool, swamp_pool1, grunt_lady_of_the_lake
Swamp:4:  swamp_vile, swamp_pool1, nicolae_swamp_round_clearing, uniq_kirke,
          uniq_nikola
Orc:1:    serial_shops, shop, nicolae_orc_rockfall, mines2_david, uniq_snorg
Orc:2:    st_orc_pillars, nicolae_orc_bridge_out
Volcano:  volcano_pools

Skill      XL: |  1  2  3  4  5  6  7  8  9 10 11 12 13 14 15 16 17 |
---------------+----------------------------------------------------+-----
Shields        | 4 5 6 7 8 9 11 12 13 15 16 17 18 | 18.3
Armour         | 4 5 6 7 8 9 10 11 12 | 12.4
Fighting       | 4 5 6 7 8 10 11 12 13 14 | 14.6
Maces & Flails | 3 4 6 8 10 11 12 13 14 15 16 | 16.1
Dodging        | 1 2 3 4 5 6 |  6.2
Stealth        | 1 2 3 |  3.2

Action                   |  1- 3 |  4- 6 |  7- 9 | 10-12 | 13-15 | 16-18 || total
-------------------------+-------+-------+-------+-------+-------+-------++-------
Melee: Flail             |   161 |   418 |   747 |  1058 |   392 |       ||  2776
       Demon whip        |       |       |       |       |  1483 |   729 ||  2212
 Abil: Fly               |       |       |       |       |     1 |       ||     1
  Use: Potion            |     2 |     6 |     3 |     9 |     6 |     2 ||    28
       Scroll            |     4 |     7 |     5 |    10 |    16 |     5 ||    47
 Stab: Petrified         |       |       |       |       |     4 |       ||     4
       Petrifying        |       |       |       |       |     1 |       ||     1
       Distracted        |       |       |       |       |     1 |       ||     1
  Eat: Chunk             |     1 |     9 |    16 |    24 |    35 |    17 ||   102
       Royal jelly       |       |       |       |       |     2 |     1 ||     3
Armor: Scale mail        |    92 |   324 |   106 |       |       |       ||   522
       Chain mail        |       |       |   234 |   461 |   636 |   326 ||  1657
       Plate armour      |       |       |    60 |   143 |       |       ||   203
Dodge: Dodged            |    58 |   229 |   180 |   326 |   391 |   178 ||  1362
Block: Shield            |    95 |   325 |   375 |   656 |   902 |       ||  2353
       Large shield      |       |       |       |       |   171 |   566 ||   737
